TOP OF THE 1ST |
University of Southern California Trojans batting - Pitching for University of Alabama Crimson Tide : RHP Homer Pappayiorgas
|
Pitching: RHP Homer Pappayiorgas
|
|
Batting: RHB Liangde Zhou
|
0-0: Ball 1-0: Foul Ball, location: 2F 1-1: Ball 2-1: Foul Ball, location: 2F 2-2: Ball 3-2: SINGLE (Flyball, 8LS, EV 91.9 MPH)
|
Batting: RHB Mike Woodard
|
0-0: Called Strike 0-1: Ball 1-1: Called Strike Liangde Zhou is caught stealing 2nd base 2-4 1-2: Ball 2-2: Fly out, F9 (Line Drive, 89M, EV 92.5 MPH)
|
Batting: RHB Omar Garce
|
0-0: Ball 1-0: Ball 2-0: Ground out U3 (Groundball, 3, EV 96.9 MPH)
|
Top of the 1st over - 0 runs, 1 hit, 0 errors, 0 left on base; University of Southern California 0 - University of Alabama 0 |
BOTTOM OF THE 1ST |
University of Alabama Crimson Tide batting - Pitching for University of Southern California Trojans : LHP John Rumbolt
|
Pitching: LHP John Rumbolt
|
|
Batting: RHB Danny Rosario
|
0-0: Foul Ball, location: 2F 0-1: Foul Ball, location: 2F 0-2: Ball 1-2: Ball 2-2: Strikes out swinging
|
Batting: RHB Gustavo Delgado
|
0-0: Called Strike 0-1: Ball 1-1: Called Strike 1-2: Foul Ball, location: 2F 1-2: Strikes out swinging
|
Batting: RHB Hughie Withers
|
0-0: Ball 1-0: Ball 2-0: Ball 3-0: Called Strike 3-1: Foul Ball, location: 2F 3-2: Fly out, F8 (Line Drive, 8LS, EV 93.8 MPH)
|
Bottom of the 1st over - 0 runs, 0 hits, 0 errors, 0 left on base; University of Southern California 0 - University of Alabama 0 |
TOP OF THE 2ND |
University of Southern California Trojans batting - Pitching for University of Alabama Crimson Tide : RHP Homer Pappayiorgas
|
Batting: RHB Eric Baker
|
0-0: Fly out, F8 (Flyball, 8LD, EV 97.5 MPH)
|
Batting: SHB Jose Santiago
|
0-0: Ball 1-0: Ground out 6-3 (Groundball, 6S, EV 74.4 MPH)
|
Batting: RHB Juan Barela
|
0-0: Reached on error, E5 (Groundball, 5, EV 86.9 MPH)
|
Batting: LHB Victor Reyna
|
0-0: Called Strike 0-1: Ball 1-1: Ball 2-1: Ground out 4-3 (Groundball, 4, EV 94.4 MPH)
|
Top of the 2nd over - 0 runs, 0 hits, 1 error, 1 left on base; University of Southern California 0 - University of Alabama 0 |
BOTTOM OF THE 2ND |
University of Alabama Crimson Tide batting - Pitching for University of Southern California Trojans : LHP John Rumbolt
|
Batting: RHB Juan Araiza
|
0-0: Called Strike 0-1: Ball 1-1: Fly out, F3 (Popup, 3F, EV 66.2 MPH)
|
Batting: LHB Edwin Vasquez
|
0-0: Ball 1-0: Called Strike 1-1: Ball 2-1: Fly out, F7 (Flyball, 7, EV 88.1 MPH)
|
Batting: RHB Jose Benavidez
|
0-0: Fly out, F5 (Line Drive, 5L, EV 68.8 MPH)
|
Bottom of the 2nd over - 0 runs, 0 hits, 0 errors, 0 left on base; University of Southern California 0 - University of Alabama 0 |
TOP OF THE 3RD |
University of Southern California Trojans batting - Pitching for University of Alabama Crimson Tide : RHP Homer Pappayiorgas
|
Batting: RHB Ryan Thurston
|
0-0: Called Strike 0-1: Ball 1-1: Ball 2-1: Called Strike 2-2: Foul Ball, location: 2F 2-2: Strikes out looking
|
Batting: LHB John Rumbolt
|
0-0: Ball 1-0: Ball 2-0: Ball 3-0: Called Strike 3-1: Base on Balls
|
Batting: RHB Liangde Zhou
|
0-0: Called Strike 0-1: Ball 1-1: Called Strike 1-2: Strikes out swinging
|
Batting: RHB Mike Woodard
|
0-0: Foul Ball, location: 2F 0-1: Ball 1-1: Ball 2-1: Ball John Rumbolt steals 2nd base 3-1: SINGLE (Line Drive, 89S, EV 105.0 MPH) John Rumbolt to third Runner from 3rd tries for Home, SAFE, throw by RF to home
|
Batting: RHB Omar Garce
|
0-0: Fielders Choice at 2nd, 5-4 (Groundball, 56, EV 96.9 MPH)
|
Top of the 3rd over - 1 run, 1 hit, 0 errors, 1 left on base; University of Southern California 1 - University of Alabama 0 |
BOTTOM OF THE 3RD |
University of Alabama Crimson Tide batting - Pitching for University of Southern California Trojans : LHP John Rumbolt
|
Batting: RHB Matt Williams
|
0-0: Called Strike 0-1: Foul Ball, location: 2F 0-2: Ground out 4-3 (Groundball, 4, EV 83.8 MPH)
|
Batting: LHB Brian Van
|
0-0: Ball 1-0: Ball 2-0: Swinging Strike 2-1: Ball 3-1: Called Strike 3-2: Foul Ball, location: 2F 3-2: Ground out 4-3 (Groundball, 4, EV 111.2 MPH)
|
Batting: RHB B.J. Clark
|
0-0: Ball 1-0: Fly out, F8 (Flyball, 8RD, EV 96.9 MPH)
|
Bottom of the 3rd over - 0 runs, 0 hits, 0 errors, 0 left on base; University of Southern California 1 - University of Alabama 0 |
TOP OF THE 4TH |
University of Southern California Trojans batting - Pitching for University of Alabama Crimson Tide : RHP Homer Pappayiorgas
|
Batting: RHB Eric Baker
|
0-0: Called Strike 0-1: Swinging Strike 0-2: Strikes out looking
|
Pitching: RHP Gabriel Bass
|
|
Batting: SHB Jose Santiago
|
0-0: Ball 1-0: Ground out 4-3 (Groundball, 4, EV 91.2 MPH)
|
Batting: RHB Juan Barela
|
0-0: Called Strike 0-1: Fly out, F8 (Flyball, 8RS, EV 87.5 MPH)
|
Top of the 4th over - 0 runs, 0 hits, 0 errors, 0 left on base; University of Southern California 1 - University of Alabama 0 |
BOTTOM OF THE 4TH |
University of Alabama Crimson Tide batting - Pitching for University of Southern California Trojans : LHP John Rumbolt
|
Batting: RHB Danny Rosario
|
0-0: Called Strike 0-1: Ball 1-1: Ball 2-1: Called Strike 2-2: Ground out 6-3 (Groundball, 6, EV 98.8 MPH)
|
Batting: RHB Gustavo Delgado
|
0-0: Called Strike 0-1: Fly out, F9 (Flyball, 9S, EV 95.6 MPH)
|
Batting: RHB Hughie Withers
|
0-0: Called Strike 0-1: Ball 1-1: Ground out 5-3 (Groundball, 56, EV 103.1 MPH)
|
Bottom of the 4th over - 0 runs, 0 hits, 0 errors, 0 left on base; University of Southern California 1 - University of Alabama 0 |
TOP OF THE 5TH |
University of Southern California Trojans batting - Pitching for University of Alabama Crimson Tide : RHP Gabriel Bass
|
Batting: LHB Victor Reyna
|
0-0: Ball 1-0: Called Strike 1-1: Fly out, F9 (Line Drive, 9S, EV 94.4 MPH)
|
Batting: RHB Ryan Thurston
|
0-0: Ball 1-0: Ball 2-0: SINGLE (Line Drive, 4MD, EV 95.6 MPH)
|
Batting: LHB John Rumbolt
|
0-0: Fly out, F7 (Line Drive, 7, EV 85.6 MPH)
|
Batting: RHB Liangde Zhou
|
0-0: Called Strike 0-1: Called Strike 0-2: Foul Ball, location: 2F 0-2: Strikes out swinging
|
Top of the 5th over - 0 runs, 1 hit, 0 errors, 1 left on base; University of Southern California 1 - University of Alabama 0 |
BOTTOM OF THE 5TH |
University of Alabama Crimson Tide batting - Pitching for University of Southern California Trojans : LHP John Rumbolt
|
Batting: RHB Juan Araiza
|
0-0: Ball 1-0: Ball 2-0: Ball 3-0: Called Strike 3-1: SINGLE (Groundball, 4MD, EV 101.2 MPH)
|
Batting: LHB Edwin Vasquez
|
0-0: Called Strike 0-1: Ball 1-1: Swinging Strike 1-2: SINGLE (Groundball, 23, EV 68.1 MPH) (infield hit) Juan Araiza to second
|
Pinch Runner at 2nd Jong-your Lee:
|
|
Batting: RHB Jose Benavidez
|
0-0: Ball 1-0: Swinging Strike 1-1: Foul Ball, location: 2F 1-2: Foul Ball, location: 2F 1-2: Ball 2-2: Fielders Choice at 2nd, 1-6 (Groundball, 23, EV 70.6 MPH) Jong-your Lee to third
|
Batting: RHB Matt Williams
|
0-0: Ball 1-0: Swinging Strike 1-1: SINGLE (Groundball, 6M, EV 81.2 MPH) (infield hit) Jong-your Lee scores Jose Benavidez to second
|
Pitching: RHP Tyshawn Calvin
|
|
Pinch Hitting: LHB Robby Ramires
|
0-0: Ball 1-0: Called Strike 1-1: Called Strike 1-2: Hit by Pitch Jose Benavidez to third Matt Williams to second
|
Pinch Hitting: LHB Dallas Shaw
|
0-0: Swinging Strike 0-1: Foul Ball, location: 2F 0-2: Ball 1-2: Ball Wild Pitch! Jose Benavidez scores Matt Williams to third Robby Ramires to second 2-2: Ball 3-2: Fly out, F8 (Flyball, 8LD, EV 96.2 MPH) Runner from 3rd tags up, SCORES, throw by CF Robby Ramires to third
|
Batting: RHB Danny Rosario
|
0-0: Ball 1-0: Ball 2-0: Called Strike 2-1: Ball 3-1: Called Strike 3-2: Foul Ball, location: 2F 3-2: SINGLE (Groundball, 5S, EV 62.5 MPH) (infield hit) Robby Ramires scores
|
Batting: RHB Gustavo Delgado
|
0-0: Called Strike 0-1: Ball 1-1: Ground out 6-3 (Groundball, 6M, EV 78.1 MPH)
|
Bottom of the 5th over - 4 runs, 4 hits, 0 errors, 1 left on base; University of Southern California 1 - University of Alabama 4 |
TOP OF THE 6TH |
University of Southern California Trojans batting - Pitching for University of Alabama Crimson Tide : RHP Gabriel Bass
|
Now at 1B: Onorato Zacagnini
|
|
Now in LF: Yu-shu Ni
|
|
Now in CF: Joe Blackwood
|
|
Batting: RHB Mike Woodard
|
0-0: Ball 1-0: Ball 2-0: Foul Ball, location: 2F 2-1: Foul Ball, location: 2F 2-2: Ground out 6-3 (Groundball, 6, EV 80.0 MPH)
|
Batting: RHB Omar Garce
|
0-0: Called Strike 0-1: Foul Ball, location: 2F 0-2: Ball 1-2: Foul Ball, location: 2F 1-2: Ball 2-2: Strikes out swinging
|
Batting: RHB Eric Baker
|
0-0: Called Strike 0-1: Ball 1-1: Ball 2-1: Fly out, F9 (Flyball, 9S, EV 81.2 MPH)
|
Top of the 6th over - 0 runs, 0 hits, 0 errors, 0 left on base; University of Southern California 1 - University of Alabama 4 |
BOTTOM OF THE 6TH |
University of Alabama Crimson Tide batting - Pitching for University of Southern California Trojans : RHP Tyshawn Calvin
|
Batting: RHB Hughie Withers
|
0-0: Called Strike 0-1: Ground out 6-3 (Groundball, 56, EV 107.5 MPH)
|
Batting: RHB Onorato Zacagnini
|
0-0: Called Strike 0-1: Ball 1-1: Called Strike 1-2: SINGLE (Groundball, 15S, EV 71.2 MPH) (infield hit)
|
Batting: LHB Edwin Vasquez
|
0-0: Ball 1-0: Ball 2-0: Swinging Strike 2-1: Fly out, F8 (Flyball, 89M, EV 86.9 MPH)
|
Batting: RHB Jose Benavidez
|
0-0: Ball 1-0: Called Strike 1-1: Swinging Strike 1-2: Ball 2-2: Strikes out looking
|
Bottom of the 6th over - 0 runs, 1 hit, 0 errors, 1 left on base; University of Southern California 1 - University of Alabama 4 |
TOP OF THE 7TH |
University of Southern California Trojans batting - Pitching for University of Alabama Crimson Tide : RHP Gabriel Bass
|
Batting: SHB Jose Santiago
|
0-0: Called Strike 0-1: Ground out 4-3 (Groundball, 4, EV 86.9 MPH)
|
Pinch Hitting: LHB Roger Kean
|
0-0: Called Strike 0-1: Foul Ball, location: 2F 0-2: Hit by Pitch
|
Batting: LHB Victor Reyna
|
0-0: Ball 1-0: Ball 2-0: Ball 3-0: Base on Balls Roger Kean to second
|
Pinch Hitting: RHB Jim Baltazar
|
0-0: Ball 1-0: Swinging Strike 1-1: Swinging Strike 1-2: Foul Ball, location: 2F 1-2: Foul Ball, location: 2F 1-2: Ball 2-2: Strikes out looking
|
Pinch Hitting: RHB John Sandberg
|
0-0: Called Strike 0-1: Fly out, F5 (Popup, 5F, EV 81.2 MPH)
|
Top of the 7th over - 0 runs, 0 hits, 0 errors, 2 left on base; University of Southern California 1 - University of Alabama 4 |
BOTTOM OF THE 7TH |
University of Alabama Crimson Tide batting - Pitching for University of Southern California Trojans : RHP Tyshawn Calvin
|
Pitching: RHP Aaron Haver
|
|
Now at 2B: John Sandberg
|
|
Now in CF: Brad Betterton
|
|
Pinch Hitting: RHB Fernando Reyes
|
0-0: Ball 1-0: Swinging Strike 1-1: Ground out 5-3 (Groundball, 56S, EV 65.6 MPH)
|
Batting: LHB Joe Blackwood
|
0-0: Foul Ball, location: 2F 0-1: Ball 1-1: Foul Ball, location: 2F 1-2: Foul Ball, location: 2F 1-2: Foul Ball, location: 2F 1-2: Ball 2-2: SINGLE (Groundball, 6M, EV 80.6 MPH) (infield hit)
|
Batting: LHB Yu-shu Ni
|
0-0: Ball Joe Blackwood is caught stealing 2nd base 2-6 1-0: Called Strike 1-1: Called Strike 1-2: Strikes out swinging
|
Bottom of the 7th over - 0 runs, 1 hit, 0 errors, 0 left on base; University of Southern California 1 - University of Alabama 4 |
TOP OF THE 8TH |
University of Southern California Trojans batting - Pitching for University of Alabama Crimson Tide : RHP Gabriel Bass
|
Pitching: RHP Francisco Rodriquez
|
|
Now at 3B: Mike Bidwell
|
|
Pinch Hitting: SHB Mhelter Daulong
|
0-0: Called Strike 0-1: Swinging Strike 0-2: Ball 1-2: Ground out U3 (Groundball, 34, EV 100.6 MPH)
|
Pinch Hitting: RHB Tri Kartini
|
0-0: Ball 1-0: Ball 2-0: Swinging Strike 2-1: Ground out 6-3 (Groundball, 6, EV 82.5 MPH)
|
Batting: RHB Omar Garce
|
0-0: Ball 1-0: Swinging Strike 1-1: Foul Ball, location: 2F 1-2: Ground out 1-3 (Groundball, 25, EV 68.1 MPH)
|
Top of the 8th over - 0 runs, 0 hits, 0 errors, 0 left on base; University of Southern California 1 - University of Alabama 4 |
BOTTOM OF THE 8TH |
University of Alabama Crimson Tide batting - Pitching for University of Southern California Trojans : RHP Aaron Haver
|
Now at SS: Jeremy McAbee
|
|
Now in RF: Mhelter Daulong
|
|
Batting: RHB Danny Rosario
|
0-0: Foul Ball, location: 2F 0-1: Foul Ball, location: 2F 0-2: Foul Ball, location: 2F 0-2: Ball 1-2: Foul Ball, location: 2F 1-2: Reached on error, E6 (Groundball, 56, EV 101.2 MPH)
|
Batting: LHB Adam Antico
|
0-0: Called Strike 0-1: Ball Danny Rosario steals 3rd base 1-1: Ball 2-1: Foul Ball, location: 2F 2-2: Ball 3-2: Foul Ball, location: 2F 3-2: Foul Ball, location: 2F 3-2: Base on Balls
|
Batting: RHB Hughie Withers
|
0-0: Called Strike 0-1: Ball 1-1: Called Strike 1-2: Foul Ball, location: 2F 1-2: Ball 2-2: Ball 3-2: Foul Ball, location: 2F 3-2: Base on Balls Adam Antico to second
|
Batting: RHB Onorato Zacagnini
|
0-0: Swinging Strike 0-1: Ball 1-1: Called Strike 1-2: Foul Ball, location: 2F 1-2: SINGLE (Groundball, 4MD, EV 101.2 MPH) Danny Rosario scores Adam Antico to third Hughie Withers to second Runner from 3rd tries for Home, SAFE, throw by CF to home
|
Pitching: LHP Bimo Kartini
|
|
Pinch Hitting: RHB Rodrik Gardner
|
0-0: Called Strike 0-1: Foul Ball, location: 2F 0-2: Strikes out swinging
|
Batting: RHB Jose Benavidez
|
0-0: Ball 1-0: Ball 2-0: Fly out, F8 (Flyball, 8RM, EV 91.9 MPH)
|
Batting: SHB Mike Bidwell
|
0-0: Ball 1-0: Foul Ball, location: 2F 1-1: Fly out, F8 (Flyball, 89M, EV 92.5 MPH)
|
Bottom of the 8th over - 2 runs, 1 hit, 1 error, 2 left on base; University of Southern California 1 - University of Alabama 6 |
TOP OF THE 9TH |
University of Southern California Trojans batting - Pitching for University of Alabama Crimson Tide : RHP Francisco Rodriquez
|
Now in RF: John Hicken
|
|
Pinch Hitting: RHB Eduardo Mejorado
|
0-0: Foul Ball, location: 2F 0-1: Called Strike 0-2: Ball 1-2: Ball 2-2: Ball 3-2: Ground out 5-3 (Groundball, 56S, EV 86.9 MPH)
|
Pinch Hitting: RHB Rick Acevedo
|
0-0: SINGLE (Line Drive, 89S, EV 98.8 MPH)
|
Batting: LHB Brad Betterton
|
0-0: Swinging Strike 0-1: Swinging Strike 0-2: Ball 1-2: Foul Ball, location: 2F 1-2: Strikes out swinging
|
Pinch Hitting: SHB George Hillock
|
0-0: Ball 1-0: Foul Ball, location: 2F 1-1: Swinging Strike 1-2: Strikes out swinging
|
Top of the 9th over - 0 runs, 1 hit, 0 errors, 1 left on base; University of Southern California 1 - University of Alabama 6 |
|